 Dungeon Crawl Stone Soup version 0.28.0-45-g0d030f2227 (webtiles) character file.

Game seed: 11587001905831470016

15533 Ablot the Thaumaturge (level 12, -15/94 HPs)
             Began as a Gnoll Warper on Mar 31, 2022.
             Was a High Priest of Okawaru.
             Demolished by a minotaur
             ... wielding a +4 lajatang of venom
              (28 damage)
             ... in a Gauntlet.
             The game lasted 00:45:52 (14254 turns).

Ablot the Thaumaturge (Gnoll Warper)               Turns: 14254, Time: 00:45:52

Health: -15/94     AC: 14    Str: 19    XL:     12   Next: 28%
Magic:  5/24       EV: 15    Int: 23    God:    Okawaru [*****.]
Gold:   623        SH:  6    Dex: 14    Spells: 14/28 levels left

rFire   + + +      SeeInvis .   s - +10 hunting sling of the Final Decision {flame, Int+4}
rCold   + + .      Faith    .   A - +0 buckler
rNeg    + . .      Spirit   .   Q - +3 leather armour {rF+}
rPois   .          Reflect  .   v - +0 helmet
rElec   .          Harm     .   z - +1 cloak of the Thistle {*Slow rF++ rC+ Dex+2}
rCorr   +          Rampage  .   n - +2 pair of gloves
Will    .....      NoTele   +   (no boots)
Stlth   +++.......              (no amulet)
HPRegen 0.25/turn               m - +6 ring of intelligence
MPRegen 0.19/turn               K - ring "Yvvy" {rF+ rC+ rN+ rCorr Str+4}

@: freezing walls
A: fangs 1, strong nose, distributed training
a: Renounce Religion, Heroism, Finesse, Duel


You were in a Gauntlet.
You worshipped Okawaru.
Okawaru was extremely pleased with you.
You visited 3 branches of the dungeon, and saw 12 of its levels.
You also visited: Bailey and Gauntlet.

You collected 623 gold pieces.

Inventory:

Hand Weapons
 a - a +5 vampiric trident
 i - a +4 battleaxe of flaming
 s - the +10 hunting sling of the Final Decision (weapon) {flame, Int+4}
   (You found it on level 3 of the Dungeon)

   Any ammunition fired from it burns those it strikes, dealing additional fire
   damage.
   Int:       It affects your intelligence (+4).
Missiles
 f - 296 stones
 l - 183 arrows
 B - 4 silver javelins
 H - 22 sling bullets (quivered ammo)
 N - 5 boomerangs of dispersal
 P - 17 poisoned darts
 V - 127 bolts
 W - 2 curare-tipped darts
Armour
 b - a +2 robe of cold resistance
 c - the +0 helmet of the Insatiable Hells {*Slow rC+ Dex+5}
   (You found it in a Gauntlet)

   Dex:       It affects your dexterity (+5).
   rC:        It protects you from cold.
   *Slow:     It may slow you when you take damage.
 n - a +2 pair of gloves (worn)
 r - a +2 cloak of stealth
 v - a +0 helmet (worn)
 z - the +1 cloak of the Thistle (worn) {*Slow rF++ rC+ Dex+2}
   (Okawaru gifted it to you on level 10 of the Dungeon)

   Dex:       It affects your dexterity (+2).
   rF:        It greatly protects you from fire.
   rC:        It protects you from cold.
   *Slow:     It may slow you when you take damage.
 A - a +0 buckler (worn)
 Q - a +3 leather armour of fire resistance (worn)
Jewellery
 m - a +6 ring of intelligence (left hand)
 C - a ring of positive energy
 K - the ring "Yvvy" (right hand) {rF+ rC+ rN+ rCorr Str+4}
   (You acquired it on level 10 of the Dungeon)

   [ring of resist corrosion]

   Str:       It affects your strength (+4).
   rF:        It protects you from fire.
   rC:        It protects you from cold.
   rN:        It protects you from negative energy.
   rCorr:     It protects you from acid and corrosion.
Wands
 h - a wand of acid (8)
 p - a wand of iceblast (12)
 u - a wand of mindburst (13)
 M - a wand of polymorph (10)
Scrolls
 d - a scroll of summoning {unknown}
 j - 2 scrolls of holy word {unknown}
 y - 5 scrolls of teleportation {unknown}
 L - 2 scrolls of immolation {unknown}
 O - 2 scrolls of fear {unknown}
 S - 2 scrolls of fog {unknown}
 T - 3 scrolls of brand weapon {unknown}
Potions
 e - a potion of resistance {unknown}
 g - 2 potions of attraction
 k - 3 potions of might
 o - 6 potions of curing
 q - 2 potions of haste {unknown}
 t - 2 potions of experience {unknown}
 w - 3 potions of mutation
 x - 4 potions of heal wounds
 E - 2 potions of degeneration {unknown}
 F - a potion of ambrosia {unknown}
 G - 3 potions of brilliance {unknown}
 I - 2 potions of lignification {unknown}
 R - 3 potions of flight
 U - 5 potions of magic
 X - a potion of invisibility {unknown}
 Z - 4 potions of cancellation


   Skills:
 + Level 8.5 Fighting
 + Level 7.1 Short Blades
 + Level 7.1 Long Blades
 + Level 7.1 Axes
 + Level 7.1 Maces & Flails
 + Level 8.5 Polearms
 + Level 7.1 Staves
 + Level 7.1 Slings
 + Level 7.1 Bows
 + Level 7.1 Crossbows
 + Level 7.6 Throwing
 + Level 7.6 Armour
 + Level 8.5 Dodging
 + Level 7.1 Stealth
 + Level 7.1 Shields
 + Level 7.1 Unarmed Combat
 + Level 8.8 Spellcasting
 + Level 5.9 Conjurations
 + Level 5.9 Hexes
 + Level 5.9 Summonings
 + Level 5.9 Necromancy
 + Level 8.1 Translocations
 + Level 5.9 Transmutations
 + Level 5.9 Fire Magic
 + Level 5.9 Ice Magic
 + Level 5.9 Air Magic
 + Level 5.9 Earth Magic
 + Level 5.9 Poison Magic
 + Level 7.8 Invocations
 + Level 7.1 Evocations


You had 14 spell levels left.
You knew the following spells:

 Your Spells              Type           Power      Damage    Failure   Level
a - Blink                 Tloc           94%        N/A       1%          2
b - Ensorcelled Hibernat  Hex/Ice        74%        N/A       1%          2
c - Passwall              Tmut/Erth      30%        N/A       1%          2
d - Wereblood             Tmut           37%        N/A       1%          2
e - Frozen Ramparts       Ice            74%        1d9       2%          3
f - Swiftness             Air            37%        N/A       2%          3

Your spell library contained the following spells:

 Spells                   Type           Power      Damage    Failure   Level
 Beastly Appendage        Tmut           74%        N/A       1%          1
 Sting                    Tmut/Pois      100%       1d8       1%          1
 Poisonous Vapours        Pois/Air       74%        N/A       1%          2
 Gell's Gravitas          Tloc           47%        N/A       1%          3
 Lesser Beckoning         Tloc           47%        N/A       1%          3
 Teleport Other           Tloc           47%        N/A       1%          3
 Spider Form              Tmut/Pois      37%        N/A       2%          3
 Anguish                  Hex/Necr       18%        N/A       9%          4
 Ice Form                 Ice/Tmut       37%        N/A       9%          4
 Olgreb's Toxic Radiance  Pois           37%        N/A       9%          4
 Petrify                  Tmut/Erth      37%        N/A       9%          4
 Manifold Assault         Tloc           47%        N/A       9%          5
 Metabolic Englaciation   Hex/Ice        18%        N/A       22%         5
 Statue Form              Tmut/Erth      24%        N/A       77%         6
 Summon Ice Beast         Ice/Summ       Unusable   N/A       N/A         4

Dungeon Overview and Level Annotations

Branches:
Dungeon (10/15)            Temple (1/1) D:4            Lair (1/6) D:10
 Bailey (visited)         Gauntlet (1/1)
    Orc: D:9-12

Altars:
Ashenzari
Cheibriados
Dithmenos
Elyvilon
Fedhas
Gozag
Hepliaklqana
Kikubaaqudgha
Makhleb
Nemelex Xobeh
Okawaru
Qazlal
Ru
Sif Muna
Trog
Uskayaw
Vehumet
Wu Jian
Xom
Yredelemnul
Zin
The Shining One

Shops:
D:8 (

Annotations:
Gauntlet 8 transporters, exclusion: ice statue


Innate Abilities, Weirdness & Mutations

You have very sharp teeth.
Your uncanny sense of smell can sniff out nearby items.
Your experience applies equally to all skills.


Message History

Confirm with . or Enter, or press ? or * to list all spells.
You blink.
You feel very sick.
Unknown command.
Casting: Blink (safe; 1% risk of failure)
Confirm with . or Enter, or press ? or * to list all spells.
Casting: Frozen Ramparts (mildly dangerous; 2% risk of failure)
Press: ? - help, Dir - look around, f - activate The walls around you are covered in ice.
You feel stable enough to blink again.
You feel very sick.
The wall freezes the minotaur.
Unknown command.
You shoot a sling bullet. The sling bullet hits the minotaur!
The minotaur is lightly wounded.
You feel very sick.
Unknown command.
You shoot a sling bullet. The sling bullet hits the minotaur.
The minotaur is lightly wounded.
You feel like a meek peon again.
You feel sick.
The wall freezes the minotaur.
The minotaur hits you with a +4 lajatang of venom!
You are more poisoned.
The minotaur closely misses you.
You are too injured to fight recklessly!
Unknown command.
Fire: 23 sling bullets
Press: ? - help, Shift-Dir - straight line, f/p - minotaur
Aim: a minotaur, wielding a +4 lajatang of venom, wearing a +3 chain mail of fire resistance, wearing a ring of wizardry and quivering silver javelins (lightly wounded, 81% to hit)
You shoot a sling bullet.
The sling bullet barely misses the minotaur.
You feel very sick.
The wall freezes the minotaur!
The minotaur hits you with a +4 lajatang of venom!!
* * * LOW HITPOINT WARNING * * *
You are more poisoned.
The minotaur gores you but does no damage.
You feel better.
The wall freezes the minotaur.
The minotaur hits you with a +4 lajatang of venom!!
You die...

..(.# '⌠...# ...⌠ ∆ ∩.( #(#
#######(#######
#.............#
#.###.###H###.#
#.........@...#
###.###.###.###
#####.###.###.#####
#≈...............≈#
####8.8.8..©.©..8.8.8####
#8##≈...............≈##8#
#############################
............≈∩≈............≈#
...........§§§..............#


You could see a minotaur.

Vanquished Creatures
  A cacodemon (Gauntlet)
  A quicksilver ooze (Gauntlet)
  Urug (D:10)
  An orc knight (Bailey)
  A manticore (D:10)
  A gargoyle (D:10)
  An unseen horror (D:9)
  A minotaur zombie (Gauntlet)
  Maggie (D:9)
  The ghost of kthxbai the Conjurer, a novice DECj (D:6)
  Grinder (D:4)
  A hornet (D:10)
  3 shadows (D:10)
  23 yaks
  2 wraiths
  4 steam dragons
  A water moccasin (Lair:1)
  An acid dragon (D:9)
  3 hell hounds (D:10)
  An ice beast (D:4)
  6 black bears
  4 orc warriors
  2 necrophages
  A boggart (D:10)
  3 ogres
  A phantom (D:6)
  3 kobold brigands
  2 gnoll sergeants
  3 bullfrogs
  4 scorpions
  9 killer bees
  10 wights
  5 howler monkeys
  5 centaur zombies
  A bullfrog zombie (D:6)
  5 hounds
  Crazy Yiuf (D:3)
  2 jellies
  2 orc priests
  A bullfrog skeleton (D:5)
  A centaur skeleton (D:6)
  A gnoll shaman (D:4)
  An iguana (D:4)
  Ijyb (D:4)
  Natasha (thrice) (D:4)
  12 orc wizards
  Terence (D:3)
  2 killer bee zombies
  A hound skeleton (D:4)
  A hound zombie (D:4)
  2 howler monkey zombies
  Robin (D:3)
  A howler monkey skeleton (D:5)
  8 adders
  36 gnolls
  A shadow imp (D:5)
  2 white imps
  An ufetubus (D:6)
  An adder skeleton (D:2)
  2 dart slugs
  A worm (D:2)
  49 orcs
  7 bats
  8 endoplasms
  4 giant cockroaches
  15 goblins
  11 hobgoblins
  18 jackals
  20 kobolds
  7 quokkas
  11 ball pythons
  3 frilled lizards
  3 rats
356 creatures vanquished.

Vanquished Creatures (others)
  A sky beast (D:7)
  18 fungi (D:10)
  32 plants
51 creatures vanquished.

Grand Total: 407 creatures vanquished

Notes
Turn   | Place    | Note
-------+----------+-------------------------------------------
     0 | D:1      | Ablot the Gnoll Warper began the quest for the Orb.
     0 | D:1      | Reached XP level 1. HP: 20/20 MP: 6/6
   186 | D:1      | Found a faded altar of an unknown god.
   229 | D:1      | Reached XP level 2. HP: 21/26 MP: 7/7
   232 | D:1      | Learned a level 2 spell: Blink
   690 | D:1      | Reached XP level 3. HP: 28/31 MP: 9/9
   764 | D:1      | Reached skill level 5 in Spellcasting
  1411 | D:2      | Reached skill level 1 in Invocations
  1472 | D:2      | Reached skill level 1 in Short Blades
  1472 | D:2      | Reached skill level 1 in Long Blades
  1472 | D:2      | Reached skill level 1 in Axes
  1472 | D:2      | Reached skill level 1 in Maces & Flails
  1472 | D:2      | Reached skill level 1 in Staves
  1472 | D:2      | Reached skill level 1 in Slings
  1472 | D:2      | Reached skill level 1 in Bows
  1472 | D:2      | Reached skill level 1 in Crossbows
  1472 | D:2      | Reached skill level 1 in Stealth
  1472 | D:2      | Reached skill level 1 in Shields
  1472 | D:2      | Reached skill level 1 in Unarmed Combat
  1472 | D:2      | Reached skill level 1 in Evocations
  1849 | D:2      | Reached XP level 4. HP: 35/38 MP: 11/11
  2247 | D:3      | Reached skill level 1 in Conjurations
  2247 | D:3      | Reached skill level 1 in Hexes
  2247 | D:3      | Reached skill level 1 in Summonings
  2247 | D:3      | Reached skill level 1 in Necromancy
  2247 | D:3      | Reached skill level 1 in Transmutations
  2247 | D:3      | Reached skill level 1 in Fire Magic
  2247 | D:3      | Reached skill level 1 in Ice Magic
  2247 | D:3      | Reached skill level 1 in Air Magic
  2247 | D:3      | Reached skill level 1 in Earth Magic
  2247 | D:3      | Reached skill level 1 in Poison Magic
  2310 | D:3      | Reached XP level 5. HP: 33/43 MP: 12/12
  2569 | D:3      | Identified the +10 hunting sling of the Final Decision
                  | {flame, Int+4}
  2597 | D:3      | Noticed Terence
  2602 | D:3      | Killed Terence
  2831 | D:3      | Noticed Robin
  2836 | D:3      | Killed Robin
  2837 | D:3      | Reached XP level 6. HP: 50/50 MP: 13/13
  3084 | D:3      | Found a runed translucent door.
  3085 | D:3      | Noticed Crazy Yiuf
  3303 | D:3      | Killed Crazy Yiuf
  3648 | D:4      | Noticed a black bear
  3650 | D:4      | Noticed Grinder
  3652 | D:4      | Killed a black bear
  3653 | D:4      | Reached skill level 5 in Fighting
  3653 | D:4      | Reached skill level 5 in Polearms
  3653 | D:4      | Reached skill level 5 in Dodging
  3657 | D:4      | Killed Grinder
  3658 | D:4      | Reached XP level 7. HP: 50/56 MP: 15/15
  3797 | D:4      | Found a staircase to the Ecumenical Temple.
  3806 | Temple   | Entered the Ecumenical Temple
  4084 | Temple   | Learned a level 2 spell: Ensorcelled Hibernation
  4087 | Temple   | Learned a level 2 spell: Passwall
  4096 | Temple   | Became a worshipper of Warmaster Okawaru
  4129 | D:4      | Noticed Natasha
  4133 | D:4      | Killed Natasha
  4189 | D:4      | You fall into a shaft and drop 2 floors!
  4217 | D:5      | Entered Level 5 of the Dungeon
  4469 | D:5      | Reached XP level 8. HP: 63/63 MP: 16/16
  4712 | D:4      | Noticed Natasha
  4714 | D:4      | Killed Natasha
  4971 | D:4      | Noticed Natasha
  4974 | D:4      | Reached * piety under Okawaru
  4986 | D:4      | Killed Natasha
  5019 | D:4      | Identified the +2 dagger of the Wasteland {vorpal, rElec
                  | rC+ rCorr Int-4}
  5038 | D:4      | Noticed Ijyb
  5042 | D:4      | Killed Ijyb
  5305 | D:4      | Learned a level 2 spell: Wereblood
  6012 | D:5      | Reached XP level 9. HP: 69/69 MP: 18/18
  6135 | D:5      | Reached ** piety under Okawaru
  7093 | D:6      | Reached skill level 5 in Throwing
  7093 | D:6      | Reached skill level 5 in Armour
  7406 | D:6      | Noticed kthxbai's ghost (novice DECj)
  7425 | D:6      | Reached *** piety under Okawaru
  7458 | D:6      | Found a runed translucent gate.
  7458 | D:6      | Found a runed translucent gate.
  7458 | D:6      | Found a runed translucent gate.
  7516 | D:6      | Reached skill level 5 in Invocations
  7786 | D:6      | Found a blossoming altar of Fedhas.
  7919 | D:6      | Killed kthxbai's ghost
  7920 | D:6      | Reached XP level 10. HP: 39/77 MP: 18/20
  8187 | D:7      | Found a flagged portal.
  8209 | Bailey   | Entered a bailey
  8394 | Bailey   | Noticed an orc knight
  8410 | Bailey   | Killed an orc knight
  8410 | Bailey   | Reached **** piety under Okawaru
  8410 | Bailey   | Received a gift from Okawaru
  8411 | Bailey   | Reached skill level 5 in Short Blades
  8411 | Bailey   | Reached skill level 5 in Long Blades
  8411 | Bailey   | Reached skill level 5 in Axes
  8411 | Bailey   | Reached skill level 5 in Maces & Flails
  8411 | Bailey   | Reached skill level 5 in Staves
  8411 | Bailey   | Reached skill level 5 in Slings
  8411 | Bailey   | Reached skill level 5 in Bows
  8411 | Bailey   | Reached skill level 5 in Crossbows
  8411 | Bailey   | Reached skill level 5 in Stealth
  8411 | Bailey   | Reached skill level 5 in Shields
  8411 | Bailey   | Reached skill level 5 in Unarmed Combat
  8411 | Bailey   | Reached skill level 5 in Evocations
 10119 | D:8      | Found Kydaeps's Hydra Hut.
 10124 | D:8      | Noticed a five-headed hydra
 10752 | D:9      | Learned a level 3 spell: Frozen Ramparts
 10782 | D:9      | Killed an unseen horror
 11622 | D:9      | Reached XP level 11. HP: 84/84 MP: 22/22
 11921 | D:10     | Entered Level 10 of the Dungeon
 11921 | D:10     | Noticed Maggie
 11953 | D:9      | Killed Maggie
 12256 | D:10     | Received a gift from Okawaru
 12354 | D:10     | Reached skill level 5 in Conjurations
 12354 | D:10     | Reached skill level 5 in Hexes
 12354 | D:10     | Reached skill level 5 in Summonings
 12354 | D:10     | Reached skill level 5 in Necromancy
 12354 | D:10     | Reached skill level 5 in Transmutations
 12354 | D:10     | Reached skill level 5 in Fire Magic
 12354 | D:10     | Reached skill level 5 in Ice Magic
 12354 | D:10     | Reached skill level 5 in Air Magic
 12354 | D:10     | Reached skill level 5 in Earth Magic
 12354 | D:10     | Reached skill level 5 in Poison Magic
 12439 | D:10     | Noticed Urug
 12454 | D:10     | Killed Urug
 12626 | D:10     | Identified a scroll of acquirement
 12626 | D:10     | Acquired the ring "Yvvy" {rF+ rC+ rN+ rCorr Str+4}
 12641 | D:10     | Learned a level 3 spell: Swiftness
 12874 | D:10     | Reached ***** piety under Okawaru
 13044 | D:10     | Noticed a manticore
 13065 | D:10     | Noticed a two-headed ogre
 13071 | D:10     | Noticed a two-headed ogre
 13079 | D:10     | Killed a manticore
 13087 | D:10     | Received a gift from Okawaru
 13356 | D:10     | Received a gift from Okawaru
 13370 | D:10     | Reached XP level 12. HP: 92/94 MP: 12/24
 13379 | D:10     | Identified the +1 cloak of the Thistle {*Slow rF++ rC+
                  | Dex+2} (Okawaru gifted it to you on level 10 of the
                  | Dungeon)
 13379 | D:10     | Received a gift from Okawaru
 13463 | D:10     | Found a staircase to the Lair.
 13548 | Lair:1   | Entered Level 1 of the Lair of Beasts
 13872 | Lair:1   | Found a gate leading to a gauntlet.
 13898 | Gauntlet | Entered a Gauntlet
 13898 | Gauntlet | Noticed a cacodemon
 13898 | Gauntlet | Found a transporter.
 13898 | Gauntlet | Found a transporter.
 13898 | Gauntlet | Found a transporter.
 13898 | Gauntlet | Found a transporter.
 13908 | Gauntlet | Found a transporter.
 13920 | Gauntlet | Found a transporter.
 13933 | Gauntlet | Found a transporter.
 13945 | Gauntlet | Found a transporter.
 13958 | Gauntlet | Found a transporter.
 13964 | Gauntlet | Found a transporter.
 13974 | Gauntlet | Noticed a quicksilver ooze
 13979 | Gauntlet | Found a transporter.
 13998 | Gauntlet | Found a transporter.
 14169 | Gauntlet | Killed a cacodemon
 14185 | Gauntlet | Identified the +0 helmet of the Insatiable Hells {*Slow rC+
                  | Dex+5}
 14199 | Gauntlet | Killed a quicksilver ooze
 14237 | Gauntlet | Noticed a minotaur
 14254 | Gauntlet | Demolished by a minotaur

Illustrated notes

Levels and vault maps discovered:
D:1:      kennysheep_arrival_forest, layout_rooms,
          nicolae_ecumenical_lake_church, grunt_decor_one_mirror,
          item_on_display_a
D:2:      layout_rooms
D:3:      layout_basic, uniq_terence, uniq_robin, uniq_crazy_yiuf_cottage
D:4:      lemuel_castle_with_subvaults [lemuel_castle_interior_original],
          layout_basic, minmay_temple_entry_antechambers, uniq_grinder,
          uniq_ijyb, uniq_natasha
D:5:      layout_cave_pods
D:6:      layout_gridville, fedhas_altar_fruit_tree, gammafunk_ghost_split,
          minmay_pentangle
D:7:      layout_gridville, enter_bailey_2, minmay_holes
D:8:      layout_rooms, doesnt_shop_hydraphobe
D:9:      layout_grid_maze, kennysheep_generic_room_12
D:10:     wad_guarded_room, layout_cave_pools, grunt_lair_entry_orc_guard_hut,
          hangedman_abyss_or_decor_slice, minmay_rotating_lava, uniq_maggie,
          uniq_urug
Temple:   mainiacjoe_temple_circle_huts
Lair:1:   lemuel_reptile_caves, layout_regular_city, gauntlet_entry_generic,
          grunt_forest_stairs_basic, minivault_19, serial_bayou_lake_a
Gauntlet: gammafunk_gauntlet_shortcut [nicolae_gauntlet_arena_grate_2,
          nicolae_gauntlet_arena_x, nicolae_gauntlet_arena_t_cross,
          gammafunk_gauntlet_arena_teeth, nicolae_gauntlet_arena_blocks,
          gammafunk_gauntlet_arena_crates, gauntlet_exit_hidden_loot]

Skill      XL: |  1  2  3  4  5  6  7  8  9 10 11 12 |
---------------+-------------------------------------+-----
Spellcasting   | 5 6 7 8 |  8.8
Invocations    | 1 2 3 4 5 6 7 |  7.8
Short Blades   | 1 2 3 4 5 6 7 |  7.1
Long Blades    | 1 2 3 4 5 6 7 |  7.1
Axes           | 1 2 3 4 5 6 7 |  7.1
Maces & Flails | 1 2 3 4 5 6 7 |  7.1
Staves         | 1 2 3 4 5 6 7 |  7.1
Slings         | 1 2 3 4 5 6 7 |  7.1
Bows           | 1 2 3 4 5 6 7 |  7.1
Crossbows      | 1 2 3 4 5 6 7 |  7.1
Stealth        | 1 2 3 4 5 6 7 |  7.1
Shields        | 1 2 3 4 5 6 7 |  7.1
Unarmed Combat | 1 2 3 4 5 6 7 |  7.1
Evocations     | 1 2 3 4 5 6 7 |  7.1
Conjurations   | 1 2 3 4 5 |  5.9
Hexes          | 1 2 3 4 5 |  5.9
Summonings     | 1 2 3 4 5 |  5.9
Necromancy     | 1 2 3 4 5 |  5.9
Transmutations | 1 2 3 4 5 |  5.9
Fire Magic     | 1 2 3 4 5 |  5.9
Ice Magic      | 1 2 3 4 5 |  5.9
Air Magic      | 1 2 3 4 5 |  5.9
Earth Magic    | 1 2 3 4 5 |  5.9
Poison Magic   | 1 2 3 4 5 |  5.9
Throwing       | 3 4 5 6 7 |  7.6
Armour         | 3 4 5 6 7 |  7.6
Fighting       | 5 6 7 8 |  8.5
Polearms       | 5 6 7 8 |  8.5
Dodging        | 5 6 7 8 |  8.5
Translocations | 6 7 8 |  8.1

Action                   |  1- 3 |  4- 6 |  7- 9 | 10-12 || total
-------------------------+-------+-------+-------+-------++-------
Melee: Spear             |   116 |       |       |       ||   116
       Bite              |    15 |     9 |     8 |    37 ||    69
       Punch             |     3 |     2 |     5 |       ||    10
       Whip              |    46 |    64 |       |       ||   110
       Trident           |       |       |    76 |   254 ||   330
       Halberd           |       |       |       |    94 ||    94
       Hunting sling     |       |       |       |     1 ||     1
 Fire: Hunting sling     |       |    81 |   268 |   151 ||   500
Throw: Dart              |       |       |       |     3 ||     3
       Javelin           |       |       |       |     2 ||     2
 Cast: Blink             |       |       |     7 |     8 ||    15
       Wereblood         |       |       |     1 |     5 ||     6
       Frozen Ramparts   |       |       |       |    15 ||    15
Invok: Heroism           |       |       |       |    10 ||    10
       Finesse           |       |       |       |     1 ||     1
Evoke: Wand              |       |       |       |     2 ||     2
  Use: Scroll            |       |       |       |    11 ||    11
       Potion            |       |       |       |     3 ||     3
 Stab: Sleeping          |     1 |       |     3 |    14 ||    18
       Distracted        |       |       |     1 |     1 ||     2
Armor: Leather armour    |    35 |    32 |    43 |   174 ||   284
       Robe              |       |       |    23 |       ||    23
Dodge: Dodged            |   101 |    59 |   126 |   326 ||   612
Block: Buckler           |       |       |       |    61 ||    61
